 Dungeon Crawl Stone Soup version 0.31.0-11-ge490571c62 (webtiles) character file.

Game seed: 4702849584045000417

555 NamelessAdventurer the Apothecary (level 7, -5/60 HPs)
             Began as a White Draconian Alchemist on Jan 27, 2024.
             Was a Believer of Wu Jian.
             Slain by Menkaure (21 damage)
             ... on level 4 of the Dungeon.
             The game lasted 00:11:01 (3508 turns).

NamelessAdventurer the Apothecary (DrAl)            Turns: 3508, Time: 00:11:02

Health: -5/60      AC:  6    Str: 12    XL:     7   Next: 8%
Magic:  12/12      EV: 12    Int: 16    God:    Wu Jian [**....]
Gold:   61         SH:  0    Dex: 11    Spells: 4/12 levels left

rFire   . . .        a - +0 scythe (drain)
rCold   + . .        (shield currently unavailable)
rNeg    . . .        (body armour unavailable)
rPois   .            (helmet restricted)
rElec   .            (no cloak)
rCorr   .            (no gloves)
SInv    .            (no boots)
Will    .....        (no amulet)
Stlth   ++           (no ring)
HPRegen 0.30/turn    (no ring)
MPRegen 0.13/turn

%: no passive effects
@: no status effects
A: breathe frost, AC +6, unfitting armour, cold resistance 1, cold-blooded,
mutation resistance 1, passive freeze, robust 1
a: Breathe Frost, Renounce Religion, Wall Jump


You were on level 4 of the Dungeon.
You worshipped Wu Jian.
Wu Jian was pleased with you.
You visited 1 branch of the dungeon, and saw 4 of its levels.

You collected 173 gold pieces.
You spent 112 gold pieces at shops.

Inventory:

Hand Weapons
 a - a +0 scythe of draining (weapon)
 b - a +0 falchion
Talismans
 i - a beast talisman
Wands
 l - a wand of light (10)
Scrolls
 e - 3 scrolls of teleportation
 j - a scroll of poison
Potions
 c - a potion of cancellation
 d - 5 potions of curing
 f - a potion of might
 g - 2 potions of lignification
 h - a potion of brilliance {unknown}
 k - a potion of mutation


   Skills:
 * Level 2.1 Fighting
 * Level 2.1 Long Blades
 * Level 1.6 Polearms
 * Level 2.6 Dodging
 * Level 2.8 Stealth
 * Level 3.4 Spellcasting
 * Level 2.4 Conjurations
 * Level 1.6 Air Magic
 * Level 4.3 Alchemy
 * Level 0.2 Shapeshifting


You had 4 spell levels left.
You knew the following spells:

 Your Spells              Type           Power      Damage    Failure   Level
a - Sting                 Conj/Alch      52%        1d6       4%          1
b - Mephitic Cloud        Conj/Alch/Air  11%        N/A       17%         3
c - Olgreb's Toxic Radia  Alch           16%        N/A       30%         4

Your spell library contained the following spells:

 Spells                   Type           Power      Damage    Failure   Level
 Mercury Vapours          Alch/Air       24%        N/A       8%          2
 Summon Small Mammal      Summ           8%         N/A       19%         1
 Call Canine Familiar     Summ           2%         N/A       47%         3
 Sticky Flame             Fire/Alch      9%         2d5       58%         4
 Summon Blazeheart Golem  Fire/Summ      2%         N/A       87%         4


Dungeon Overview and Level Annotations

Branches:
Dungeon (4/15)             Temple (0/1) D:4

Altars:
Fedhas
Wu Jian

Shops:
D:3 *

Annotations:
D:4 Menkaure


Innate Abilities, Weirdness & Mutations

You can breathe waves of freezing cold which knock back foes.
Your icy white scales are hard. (AC +6)
You cannot fit into any form of body armour.
Your flesh is cold resistant. (rC+)
You are cold-blooded and may be slowed by cold attacks.
You are somewhat resistant to further mutation.
A frigid envelope surrounds you and freezes all who hurt you.
You are robust. (+10% HP)


Message History

There is a stone staircase leading down here.
You see here 10 gold pieces.
l - a wand of light (11)
You see here 10 gold pieces.
You now have 61 gold pieces (gained 10).
You spin to attack the ball python, but your attack speed is too slow for a blow to land.
The ball python bites you but does no damage.
The ball python is very cold.
You kill the ball python!
The Council accepts your kill.
Menkaure, Prince of Dust comes into view.
Press: ? - help, v - describe, . - travel
Here: Menkaure (dormant)
The floor.
Menkaure calls on the powers of darkness!
Your body is wracked with pain!
Aiming: Bolt of Light
Press: ? - help, Shift-Dir - straight line, f - Menkaure
Aim: Menkaure (86% to hit)
The bolt of light misses Menkaure.
Menkaure mumbles some strange words.
Menkaure seems to speed up.
Unknown command.
You hit Menkaure but do no damage.
You tail-slap Menkaure, but do no damage.
Menkaure breathes soot at you. Menkaure barely misses you.
You barely miss Menkaure.
Menkaure whispers, "It doesn't hurt if you pull your brain out of your nose yourself."
Menkaure completely misses you. Menkaure closely misses you.
You puncture Menkaure!
Menkaure is moderately damaged.
Menkaure hits you!!
* * * LOW HITPOINT WARNING * * *
Menkaure resists.
Menkaure is very cold.
Menkaure is moderately damaged.
Menkaure hits you.
* * * LOW HITPOINT WARNING * * *
You feel better. Menkaure hits you!!
You die...

.# #.#.#.....#......### #...#. .#
#.#....##.#.#.#....# ##..+.
.####.#######.#...#.##.### ##.#.
..............#.#.#......# #.##
.####.######..#.#.#.#.##.### #..#
.# #.# #.....[...###.##...# ##..
.# #.# #.#...........####(# ####
.# #.###.#...#.#####.#....# #...
.# #.....#.....@M..#.###..###...
######...##.#.#.###.###..........
............#.#... #.#..#.#†..
######...####.#.##..###.#........
.........# #.#.# ...........#...
....#....# #.#.# .####.#........
.#.##....# #.####.# #>######...
.#.......####...... # +...
.#####.).........# #...


You could see Menkaure (fast).

Vanquished Creatures
  Sigmund (D:2)
  2 scorpions (D:4)
  An orc priest (D:4)
  A bombardier beetle (D:4)
  Jessica (D:2)
  2 orc wizards (D:4)
  3 gnolls (D:4)
  2 adders (D:4)
  A shadow imp (D:4)
  A dart slug (D:3)
  2 ribbon worms (D:2)
  5 orcs
  6 endoplasms
  3 giant cockroaches
  8 goblins
  8 hobgoblins
  2 jackals (D:4)
  8 quokkas
  3 ball pythons
  4 bats
  A frilled lizard (D:1)
  A kobold (D:2)
  4 rats
70 creatures vanquished.

Notes
Turn   | Place    | Note
-------+----------+-------------------------------------------
     0 | D:1      | NamelessAdventurer the Draconian Alchemist began the quest
                  | for the Orb.
     0 | D:1      | Reached XP level 1. HP: 14/14 MP: 3/3
   186 | D:1      | Reached XP level 2. HP: 20/20 MP: 3/5
   652 | D:2      | Found a faded altar of an unknown god.
   704 | D:2      | Prayed at the altar of an unknown god.
   704 | D:2      | Became a worshipper of the Wu Jian Council
   704 | D:2      | Reached * piety under Wu Jian
   717 | D:2      | Gained mutation: Your spells are a little harder to cast,
                  | but a little more powerful. [potion of mutation]
   717 | D:2      | Gained mutation: You have a pair of small antennae on your
                  | head. [potion of mutation]
   727 | D:2      | Noticed Jessica
   749 | D:2      | HP: 1/20 [Jessica/+0 club (1)]
   750 | D:2      | Killed Jessica
   751 | D:2      | Reached XP level 3. HP: 2/27 MP: 1/6
   866 | D:2      | Learned a level 3 spell: Mephitic Cloud
  1201 | D:2      | Lost mutation: Your spells are a little harder to cast, but
                  | a little more powerful. [potion of mutation]
  1201 | D:2      | Lost mutation: You have a pair of small antennae on your
                  | head. [potion of mutation]
  1201 | D:2      | Gained mutation: A frigid envelope surrounds you and
                  | freezes all who hurt you. [potion of mutation]
  1201 | D:2      | Gained mutation: You are somewhat resistant to further
                  | mutation. [potion of mutation]
  1201 | D:2      | Gained mutation: You are robust. (+10% HP) [potion of
                  | mutation]
  1283 | D:2      | Noticed Sigmund
  1948 | D:2      | Killed Sigmund
  1949 | D:2      | Reached skill level 1 in Fighting
  1949 | D:2      | Reached skill level 1 in Long Blades
  1949 | D:2      | Reached skill level 1 in Air Magic
  1949 | D:2      | Reached skill level 4 in Alchemy
  1949 | D:2      | Reached XP level 4. HP: 34/38 MP: 3/8
  1949 | D:2      | Reached XP level 5. HP: 39/44 MP: 3/9
  2246 | D:3      | Learned a level 4 spell: Olgreb's Toxic Radiance
  2459 | D:3      | Found Ovanaumurch's Assorted Antiques.
  2475 | D:3      | Bought a scroll of teleportation for 69 gold pieces
  2475 | D:3      | Bought a scroll labelled JITOPYKUST for 23 gold pieces
  2475 | D:3      | Bought a ruby potion for 20 gold pieces
  2510 | D:3      | Found a blossoming altar of Fedhas.
  2925 | D:4      | Reached XP level 6. HP: 39/51 MP: 5/10
  3023 | D:4      | Found a staircase to the Ecumenical Temple.
  3104 | D:4      | Reached ** piety under Wu Jian
  3137 | D:4      | Reached skill level 1 in Polearms
  3279 | D:4      | Your scales start taking on an icy white colour.
  3279 | D:4      | Reached XP level 7. HP: 54/60 MP: 7/12
  3279 | D:4      | Gained mutation: Your flesh is cold resistant. (rC+) [White
                  | Draconian growth]
  3499 | D:4      | Noticed Menkaure
  3508 | D:4      | Slain by Menkaure

Illustrated notes

Levels and vault maps discovered:
D:1:      dpeg_arrival_rhombi, layout_basic, chequers_serial_rivers_room_b
D:2:      layout_loops_cross, basic_ecumenical_altar, uniq_jessica, uniq_sigmund
D:3:      layout_loops_ring, old_standard_altar, serial_shops,
          nicolae_shop_temple_entry_statues_fountains
D:4:      layout_basic, minmay_temple_entry_glassed_door, interstate_on_off,
          minmay_box_of_dots, uniq_menkaure

Skill      XL: |  1  2  3  4  5  6 |
---------------+-------------------+-----
Dodging        | 2 |  2.6
Stealth        | 2 |  2.8
Fighting       | 1 2 |  2.1
Long Blades    | 1 2 |  2.1
Spellcasting   | 3 |  3.4
Conjurations   | 2 |  2.4
Air Magic      | 1 |  1.6
Alchemy        | 4 |  4.3
Polearms       | 1 |  1.6
Shapeshifting  | |  0.2

Action                     |  1- 3 |  4- 6 |  7- 9 || total
---------------------------+-------+-------+-------++-------
  Melee: Unarmed           |     2 |       |       ||     2
         Falchion          |    31 |       |       ||    31
         Tailslap          |     4 |     4 |     1 ||     9
         Halberd           |       |    36 |     3 ||    39
   Cast: Sting             |    44 |     4 |       ||    48
         Mephitic Cloud    |     1 |       |       ||     1
         Olgreb's Toxic Ra |       |     6 |     1 ||     7
Ability: Whirlwind         |     7 |     8 |       ||    15
         Lunge             |     4 |     6 |       ||    10
         Breathe Frost     |       |       |     1 ||     1
  Evoke: Wand              |       |       |     1 ||     1
    Use: Potion            |     4 |       |     1 ||     5
         Scroll            |     7 |     5 |     1 ||    13
   Stab: Sleeping          |       |     2 |       ||     2
 Armour: Skin              |    37 |    20 |     4 ||    61
  Dodge: Dodged            |    43 |    21 |     3 ||    67
